 Dungeon Crawl Stone Soup version 0.29-a0-1009-g60c99734e7 (webtiles) character file.

Game seed: 6201663052765781474

87 wingedge the Covered (level 4, -4/35 HPs)
             Began as a Human Wanderer on Aug 8, 2022.
             Was a Follower of Wu Jian.
             Killed by divine providence
             ... invoked by an orc priest
              (13 damage)
             ... on level 3 of the Dungeon.
             The game lasted 00:11:32 (3494 turns).

wingedge the Covered (Human Wanderer)               Turns: 3494, Time: 00:11:32

Health: -4/35      AC:  8    Str: 13 (15) XL:     4   Next: 80%
Magic:  7/7        EV: 11    Int: 14 (17) God:    Wu Jian [*.....]
Gold:   107        SH:  0    Dex: 11 (14) Spells: 6/7 levels left

rFire   + . .      SeeInvis .   r - +0 hand axe
rCold   + . .      Faith    +   (no shield)
rNeg    . . .      Spirit   .   p - +1 animal skin
rPois   +          Reflect  .   q - +0 helmet
rElec   .          Harm     .   (no cloak)
rCorr   .          Rampage  .   (no gloves)
Will    .....                   (no boots)
Stlth   +.........              h - amulet of faith
HPRegen 0.11/turn               k - ring of poison resistance
MPRegen 0.10/turn               s - ring "Valixuf" {AC+4 Dex+5}

@: mighty
A: clever 1, cold resistance 1, fire resistance 1
a: Renounce Religion


You were on level 3 of the Dungeon.
You worshipped Wu Jian.
Wu Jian was aware of your devotion.
You visited 1 branch of the dungeon, and saw 3 of its levels.

You collected 107 gold pieces.

Inventory:

Hand Weapons
 a - a +0 dagger
 m - a +0 short sword of protection
 r - a +0 hand axe (weapon)
Missiles
 b - 3 poisoned darts (quivered)
Armour
 c - a +0 chain mail
 d - a +0 plate armour
 n - a +0 leather armour
 p - a +1 animal skin (worn)
 q - a +0 helmet (worn)
Jewellery
 f - a ring of ice
 h - an amulet of faith (around neck)
 k - a ring of poison resistance (left hand)
 s - the ring "Valixuf" (right hand) {AC+4 Dex+5}
   (You acquired it on level 3 of the Dungeon)

   [ring of protection]

   AC:        It affects your AC (+4).
   Dex:       It affects your dexterity (+5).
 t - an amulet of magic regeneration
Wands
 o - a wand of flame (9)
Scrolls
 i - a scroll of immolation
 j - 2 scrolls of fog
 l - a scroll of poison
Potions
 e - a potion of degeneration


   Skills:
 - Level 3.0 Fighting
 * Level 0.3 Axes
 - Level 1.0 Throwing
 - Level 4.0 Armour
 - Level 1.0 Stealth
 + Level 2.0 Spellcasting
 + Level 0.1 Conjurations
 - Level 2.0 Translocations
 + Level 0.1 Ice Magic
 + Level 0.2 Air Magic


You had 6 spell levels left.
You knew the following spells:

 Your Spells              Type           Power      Damage    Failure   Level
a - Apportation           Tloc           14%        N/A       11%         1

Your spell library contained the following spells:

 Spells                   Type           Power      Damage    Failure   Level
 Ensorcelled Hibernation  Hex/Ice        2%         N/A       34%         2
 Passwall                 Tmut/Erth      0%         N/A       34%         2
 Portal Projectile        Hex/Tloc       8%         N/A       43%         3
 Swiftness                Air            2%         N/A       54%         3
 Freezing Cloud           Conj/Ice/Air   0%         6-21      99%         5
 Simulacrum               Ice/Necr       0%         N/A       100%        6
 Polar Vortex             Ice            0%         N/A       100%        9


Dungeon Overview and Level Annotations

Branches:
Dungeon (3/15)

Altars:
Wu Jian


Innate Abilities, Weirdness & Mutations

Your mind is acute. (Int +4, Str/Dex -1)
Your flesh is cold resistant. (rC+)
Your flesh is heat resistant. (rF+)


Message History

The Council accepts your kill.
You hit the orc. Your punch misses the orc.
The orc is heavily wounded.
The orc hits you but does no damage.
Casting: Apportation (safe; 9% risk of failure)
Confirm with . or Enter, or press ? or * to list all spells.
Okay, then.
Okay, then.
You slash the orc!
You kill the orc!
The Council accepts your kill.
You barely miss the orc. The orc barely misses you.
The orc hits you with a +2 hand axe of flaming.
Press: ? - help, v - describe, . - travel, g - get item
Here: an orc, wielding a +2 hand axe of flaming
Items here: a +0 club; an orc corpse; a giant cockroach corpse.
The floor.
You closely miss the orc.
The orc priest mumbles some strange prayers to Beogh against you.
Beogh smites you! The orc closely misses you.
You hit the orc but do no damage. The orc barely misses you.
You slash the orc!
You kill the orc!
The Council accepts your kill.
The orc priest hits you with a +0 flail!
Okay, then.
It was a potion of degeneration.
There was something very wrong with that liquid.
You feel weakened.
You feel dopey.
You feel clumsy. The orc priest misses you.
It was a potion of might.
You feel very mighty all of a sudden.
The orc priest hits you but does no damage.
You barely miss the orc priest.
The orc priest hits you with a +0 flail.
* * * LOW HITPOINT WARNING * * *
You barely miss the orc priest.
The orc priest calls down the wrath of Beogh upon you.
Beogh smites you!
You die...

#########
#........
##########.####
#.............#
#.########.##.#
#.# #.##.# #.#
#.##.# #.#
#.##.# #>#
#.##@# #.#
#.##o# #.#
#.##o.(.!.# #.#
#.#.(#.# #.#
.###.(. #.# #
#.... #.# #.##
#.# .# ##.# #


You could see an orc priest and an orc.

Vanquished Creatures
  Robin (D:2)
  6 orcs
  3 bats
  4 endoplasms
  2 giant cockroaches
  10 hobgoblins
  7 quokkas
  3 ball pythons
  3 frilled lizards
  14 goblins
  4 kobolds
  3 rats
60 creatures vanquished.

Notes
Turn   | Place    | Note
-------+----------+-------------------------------------------
     0 | D:1      | wingedge the Human Wanderer began the quest for the Orb.
     0 | D:1      | wingedge set off with the following items: a +0 dagger, 13
                  | poisoned darts, a +0 chain mail, a potion of mutation; and
                  | the following spell memorised: Apportation; and the
                  | following spells available to memorise: Portal Projectile.
     0 | D:1      | Reached XP level 1. HP: 15/15 MP: 3/3
     0 | D:1      | Gained mutation: Your flesh is heat resistant. (rF+)
                  | [potion of mutation]
     0 | D:1      | Gained mutation: Your flesh is cold resistant. (rC+)
                  | [potion of mutation]
     0 | D:1      | Gained mutation: Your mind is acute. (Int +4, Str/Dex -1)
                  | [potion of mutation]
   191 | D:1      | Found a faded altar of an unknown god.
   223 | D:1      | Reached XP level 2. HP: 16/22 MP: 5/5
  1313 | D:1      | Reached XP level 3. HP: 24/28 MP: 6/6
  1958 | D:2      | Found an ornate altar of the Wu Jian Council.
  1966 | D:2      | Became a worshipper of the Wu Jian Council
  2261 | D:2      | Noticed Robin
  2336 | D:2      | Reached XP level 4. HP: 33/35 MP: 7/7
  2368 | D:2      | Killed Robin
  2699 | D:2      | Reached * piety under Wu Jian
  2819 | D:2      | Reached skill level 4 in Armour
  3391 | D:3      | Identified a scroll of acquirement
  3392 | D:3      | Acquired the ring "Valixuf" {AC+4 Dex+5}
  3494 | D:3      | Killed from afar by an orc priest

Illustrated notes

Levels and vault maps discovered:
D:1:      dpeg_arrival_boxes_within_box, layout_basic,
          hellmonk_ecumenical_altar_inner_sanctum, st_stairs_14
D:2:      layout_basic, basic_altar, minmay_misc_feat_room,
          guppyfry_early_orc_mine, uniq_robin
D:3:      layout_loops_ring

Skill      XL: |  1  2  3  4 |
---------------+-------------+-----
Fighting       | 2 3 |  3.0
Armour         | 4 |  4.0
Axes           | |  0.3
Throwing       | |  1.0
Stealth        | |  1.0
Spellcasting   | |  2.0
Conjurations   | |  0.1
Translocations | |  2.0
Ice Magic      | |  0.1
Air Magic      | |  0.2

Action                   |  1- 3 |  4- 6 || total
-------------------------+-------+-------++-------
Melee: Dagger            |   142 |       ||   142
       Punch             |     2 |       ||     2
       Short sword       |    93 |    94 ||   187
       Hand axe          |       |    21 ||    21
Throw: Dart              |    24 |    30 ||    54
Invok: Lunge             |     2 |       ||     2
Evoke: Wand              |       |     1 ||     1
  Use: Potion            |     4 |     3 ||     7
       Scroll            |     1 |     6 ||     7
 Stab: Sleeping          |       |     1 ||     1
Armor: Chain mail        |    67 |       ||    67
       Plate armour      |   142 |    51 ||   193
       Leather armour    |       |    11 ||    11
       Animal skin       |       |    11 ||    11
Dodge: Dodged            |    73 |    43 ||   116

Table legend: (Time is in decaauts)
 A = Elapsed time spent in this place.
 B = Non-inter-level travel time spent in this place.
 C = Inter-level travel time spent in this place.
 D = Time resting spent in this place.
 E = Time spent auto-exploring this place.
 F = Levels seen in this place.
 G = Mean time per level.
                   A        B        C        D        E       F      G
               +--------+--------+--------+--------+--------+-----+--------+
         Total |   3516 |   3406 |    110 |    899 |   1707 |   3 | 1172.0 |
       Dungeon |   3516 |   3406 |    110 |    899 |   1707 |   3 | 1172.0 |
               +--------+--------+--------+--------+--------+-----+--------+

Top non-repeatable levels by time:
     D:1: 1718 daAuts
     D:2: 1615 daAuts
     D:3: 182 daAuts
